 Dungeon Crawl Stone Soup version 0.16.0-17-g811c1d7 (webtiles) character file.

172 timbw the Ducker (level 5, 0/28 HPs)
             Began as a Deep Elf Venom Mage on Mar 20, 2015.
             Slain by a phantom (8 damage)
             ... on level 4 of the Dungeon.
             The game lasted 00:08:02 (2356 turns).

timbw the Ducker (Deep Elf Venom Mage)              Turns: 2356, Time: 00:08:02

Health: 0/28       AC:  4    Str:  5    XL:     5   Next: 27%
Magic:  16/16      EV: 15    Int: 20    God:
Gold:   129        SH:  0    Dex: 16    Spells: 3 memorised, 4 levels left

rFire  . . .     SeeInvis .     d - +3 short sword (venom)
rCold  . . .     Clarity  .     q - +0 leather armour
rNeg   + . .     SustAb   .     (no shield)
rPois  .         Gourm    .     (no helmet)
rElec  .         Spirit   .     (no cloak)
rCorr  .         Warding  +     (no gloves)
rMut   .         Stasis   .     p - +0 pair of boots
MR     .....                    s - amulet of warding
Stlth  ++........               (no ring)
                                (no ring)

@: not resistant to hostile enchantments, unstealthy
A: no striking features
a: no special abilities


You were on level 4 of the Dungeon.
You were not hungry.

You visited 1 branch of the dungeon, and saw 4 of its levels.

You collected 129 gold pieces.

Inventory:

Hand weapons
 d - a +3 short sword of venom (weapon)
 e - a +0 club
Missiles
 f - 2 throwing nets (quivered)
Armour
 a - a +0 robe
 p - a +0 pair of boots (worn)
 q - a +0 leather armour (worn)
Jewellery
 s - an amulet of warding (around neck)
Magical devices
 t - a wand of enslavement (15)
Scrolls
 g - a scroll of fear
 l - a scroll of recharging
 n - a scroll of remove curse
 r - 2 scrolls of enchant armour {unknown}
 w - a scroll of random uselessness {unknown}
Potions
 i - a potion of haste
 k - a potion of flight {unknown}
 m - 2 potions of invisibility
 o - a potion of ambrosia {unknown}
 u - a potion of cancellation
Books
 b - a Young Poisoner's Handbook

   Spells                             Type                      Level
   a - Sting                          Conjuration/Poison           1
   b - Cure Poison                    Poison                       2
   c - Mephitic Cloud                 Conjuration/Poison/Air       3
   d - Olgreb's Toxic Radiance        Poison                       4
   e - Venom Bolt                     Conjuration/Poison           5
Comestibles
 c - 2 bread rations
 j - 3 meat rations


   Skills:
 + Level 6.7 Dodging
 - Level 2.4 Stealth
 - Level 3.0 Spellcasting
 - Level 4.3 Poison Magic


You had 4 spell levels left.
You knew the following spells:

 Your Spells              Type           Power        Failure   Level  Hunger
a - Sting                 Conj/Pois      ##..         12%         1    None
b - Cure Poison           Pois           ###.......   8%          2    ##.....
c - Mephitic Cloud        Conj/Pois/Air  #.......     41%         3    ###....


Dungeon Overview and Level Annotations

Branches:
Dungeon (4/15)
 Temple: D:4-7

Altars:
Dithmenos
Fedhas
Zin


Message History

No target in view!
No target in view!
The phantom blinks!
The phantom barely misses you.
You hit the phantom.
The phantom is moderately damaged.
The phantom hits you.
The phantom blinks!
The phantom blinks!
The phantom barely misses you.
You barely miss the phantom.
The phantom is lightly damaged.
The phantom hits you!
You hit the phantom.
The phantom is moderately damaged.
The phantom blinks!
The phantom blinks!
The phantom hits you.
* * * LOW HITPOINT WARNING * * *
The phantom hits you!
You die...

### #.## # ### ##.# # #.# #.# ##
#.######.####### #### .##
#.#............####... ..##
#.................#..# #..###
#.......W@...........##
##...####......$.............##
###..###.....................###
#.........................<.##
##..........................).
##..###......................
#### ##.....................
##....................
##...........<.......


You could see a phantom.

Vanquished Creatures
  Natasha (thrice) (D:3)
  5 adders
  2 giant mites
  3 worms
  An adder skeleton (D:4)
  3 giant geckos
  2 oozes (D:3)
  An orc (D:3)
  A ball python (D:2)
  3 bats
  3 giant cockroaches
  6 goblins
  5 hobgoblins
  7 jackals
  3 kobolds
  2 quokkas (D:3)
  2 giant newts
  3 rats
55 creatures vanquished.

Notes
Turn   | Place    | Note
--------------------------------------------------------------
     0 | D:1      | timbw, the Deep Elf Venom Mage, began the quest for the Orb.
     0 | D:1      | Reached XP level 1. HP: 10/10 MP: 5/5
   112 | D:1      | Reached XP level 2. HP: 12/15 MP: 8/8
   280 | D:2      | Learned a level 2 spell: Cure Poison
   480 | D:2      | Reached XP level 3. HP: 12/19 MP: 1/10
   754 | D:2      | Learned a level 3 spell: Mephitic Cloud
  1142 | D:2      | Reached skill level 5 in Dodging
  1200 | D:3      | Found a shadowy altar of Dithmenos.
  1246 | D:4      | Noticed a phantom
  1287 | D:3      | Reached XP level 4. HP: 16/24 MP: 13/13
  1517 | D:3      | Noticed Natasha
  1547 | D:3      | Killed Natasha
  1547 | D:3      | Reached skill level 6 in Dodging
  1551 | D:3      | Found a blossoming altar of Fedhas.
  1608 | D:3      | Noticed Natasha
  1637 | D:3      | Found a glowing silver altar of Zin.
  1645 | D:3      | Killed Natasha
  1720 | D:3      | Noticed Natasha
  1721 | D:3      | Killed Natasha
  1761 | D:3      | Reached XP level 5. HP: 8/28 MP: 16/16
  2356 | D:4      | Slain by a phantom

Action                   |  1- 3 |  4- 6 || total
-------------------------+-------+-------++-------
Melee: Short sword       |    65 |    36 ||   101
 Cast: Sting             |    38 |    22 ||    60
  Use: Potion            |       |     1 ||     1
       Scroll            |       |     7 ||     7
 Stab: Sleeping          |     4 |       ||     4
  Eat: Chunk             |     1 |     1 ||     2
       Bread ration      |       |     1 ||     1
